 Dungeon Crawl Stone Soup version 0.21-a0-278-ga722497 (webtiles) character file.

385 vishdafish the Shield-Bearer (level 6, -1/48 HPs)
             Began as a Demonspawn Fighter on Sept 21, 2017.
             Slain by an orc
             ... wielding a +0 war axe
              (4 damage)
             ... on level 4 of the Dungeon.
             The game lasted 00:06:15 (4908 turns).

vishdafish the Shield-Bearer (Demonspawn Fighter)   Turns: 4908, Time: 00:06:16

Health: -1/48      AC: 16    Str: 19    XL:     6   Next: 48%
Magic:  0/6        EV: 10    Int:  9    God:
Gold:   138        SH:  9    Dex: 12    Spells: 5/5 levels left

rFire    . . .     SeeInvis .   u - +2 short sword (protect)
rCold    . . .     Gourm    .   c - +0 shield
rNeg     . . .     Faith    .   b - +0 scale mail
rPois    +         Spirit   +   r - +0 helmet
rElec    .         Reflect  .   (no cloak)
rCorr    .         Harm     .   (no gloves)
MR       .....                  t - +0 pair of boots
Stlth    ..........             (no amulet)
HPRegen  0.16/turn              k - ring of poison resistance
MPRegen  0.10/turn              (no ring)

@: protection aura
A: repulsion field 1, magic shield
a: no special abilities


You were on level 4 of the Dungeon.
You were not hungry.

You visited 1 branch of the dungeon, and saw 4 of its levels.

You collected 138 gold pieces.

Inventory:

Hand Weapons
 a - a +0 rapier
 o - a +0 dagger of protection
 u - a +2 short sword of protection (weapon)
 w - a +2 dagger of venom
Armour
 b - a +0 scale mail (worn)
 c - a +0 shield (worn)
 r - a +0 helmet (worn)
 s - a +2 leather armour of cold resistance
 t - a +0 pair of boots (worn)
Jewellery
 k - a ring of poison resistance (left hand)
Wands
 q - a wand of random effects (13/48)
Scrolls
 e - 3 scrolls of enchant weapon {unknown}
 f - a scroll of enchant armour {unknown}
 h - a scroll of fog {unknown}
 j - a scroll of teleportation {unknown}
 m - 2 scrolls of remove curse {unknown}
 p - a scroll of identify {unknown}
 x - a scroll of amnesia {unknown}
Potions
 d - a potion of might
 g - a potion of brilliance {unknown}
 l - a potion of berserk rage {unknown}
 n - 2 potions of magic {unknown}
 v - a potion of mutation {unknown}
Comestibles
 i - a fruit


   Skills:
 + Level 3.8 Fighting
 + Level 3.9 Short Blades
 + Level 3.6 Armour
 + Level 1.1 Dodging
 + Level 0.2 Stealth
 + Level 4.2 Shields


You had 5 spell levels left.
You didn't know any spells.

Dungeon Overview and Level Annotations

Branches:
Dungeon (4/15)
 Temple: D:4-7

Altars:
Cheibriados
Makhleb


Innate Abilities, Weirdness & Mutations

You are surrounded by a mild repulsion field. (EV +2)
When hurt, damage is shared between your health and your magic reserves.


Message History

You hit the orc priest but do no damage.
The orc priest is almost dead.
You block the orc's attack. The orc closely misses you.
You block the orc priest's attack. The orc hits you with a falchion.
* * * LOW HITPOINT WARNING * * *
You barely miss the orc priest.
The orc priest is severely wounded.
The orc closely misses you. You block the orc's attack.
The orc priest hits you with a hand axe.
* * * LOW HITPOINT WARNING * * *
The orc closely misses you.
You hit the orc priest.
The orc priest is almost dead.
You block the orc's attack. The orc misses you.
The orc priest casts a cantrip, but nothing happens.
The orc hits you but does no damage.
You hit the orc priest.
You kill the orc priest!
You block the orc's attack. The orc hits you with a war axe.
You die...

.....##.#
#...#.#
#..# (
#..#
...###..#
#...()#
##.#..#
...#..##
..##
#.@)# #
#ooo..#
#(..#.#
#..##.#
##.# #
#.# #.#
%..


You could see 3 orcs.

Vanquished Creatures
  The ghost of vishdafish the Skirmisher, an amateur DsFi (D:3)
  A crimson imp (D:3)
  An orc priest (D:4)
  A centaur skeleton (D:2)
  Jessica (D:2)
  Robin (D:3)
  6 adders
  An ooze (D:1)
  A worm (D:3)
  A dart slug (D:2)
  A leopard gecko (D:3)
  7 orcs
  12 bats
  6 giant cockroaches
  17 goblins
  15 hobgoblins
  10 jackals
  A ball python (D:3)
  4 frilled lizards
  9 kobolds
  7 rats
104 creatures vanquished.

Notes
Turn   | Place    | Note
-------+----------+-------------------------------------------
     0 | D:1      | vishdafish the Demonspawn Fighter began the quest for the Orb.
     0 | D:1      | Reached XP level 1. HP: 18/18 MP: 1/1
   233 | D:1      | Gained mutation: You are surrounded by a mild repulsion field. (EV +2) [demonic ancestry]
   233 | D:1      | Reached XP level 2. HP: 21/24 MP: 0/2
   378 | D:1      | Reached skill level 3 in Shields
   791 | D:2      | Reached XP level 3. HP: 29/29 MP: 3/3
  1095 | D:2      | Found a snail-covered altar of Cheibriados.
  1116 | D:2      | Reached XP level 4. HP: 20/35 MP: 4/4
  1356 | D:2      | Noticed Jessica
  1372 | D:2      | Killed Jessica
  1439 | D:2      | Gained mutation: When hurt, damage is shared between your health and your magic reserves. [demonic ancestry]
  1439 | D:2      | Reached XP level 5. HP: 33/41 MP: 5/5
  1904 | D:3      | Found a burning altar of Makhleb.
  3407 | D:3      | Noticed Robin
  3434 | D:3      | Noticed vishdafish's ghost (amateur DsFi)
  3490 | D:3      | Killed Robin
  3838 | D:3      | Killed vishdafish's ghost
  3838 | D:3      | Reached skill level 1 in Dodging
  3838 | D:3      | Reached skill level 4 in Shields
  3880 | D:3      | Reached XP level 6. HP: 15/47 MP: 3/6
  4906 | D:4      | HP: 2/48 [orc priest/hand axe (1)]
  4908 | D:4      | Slain by an orc

Vault maps used:
D:1:      nicolae_arrival_somewhat_less_tricky_arrival,
          minmay_gold_behind_fungi, palyth_stone_intersect
D:2:      kennysheep_big_flooded_room, overflow_temple_1_default, first_bread,
          minmay_misc_feat_ornament, uniq_jessica
D:3:      makhleb_grotto_becter, minmay_goblin_outpost, uniq_robin
D:4:      fedhas_altar_fruit_tree, minmay_temple_entry_glass, uniq_sigmund,
          uniq_pikel

Skill      XL: |  1  2  3  4  5 |
---------------+----------------+-----
Shields        | 3 4 |  4.2
Short Blades   | 2 3 |  3.9
Armour         | 3 |  3.6
Dodging        | 1 |  1.1
Fighting       | |  3.8
Stealth        | |  0.2

Action                   |  1- 3 |  4- 6 || total
-------------------------+-------+-------++-------
Melee: Rapier            |   136 |   107 ||   243
       Dagger            |       |  1579 ||  1579
       Short sword       |       |    76 ||    76
Evoke: Wand              |       |     1 ||     1
  Eat: Chunk             |       |     3 ||     3
       Bread ration      |       |     2 ||     2
       Meat ration       |       |     1 ||     1
Armor: Scale mail        |    47 |   596 ||   643
Dodge: Dodged            |    49 |   499 ||   548
Block: Shield            |    73 |   634 ||   707

Table legend:
 A = Spawn XP
 B = Non-spawn XP
 C = Spawn XP percentage of total XP
 D = Spawn monster count
 E = Non-spawn monster count
 F = Spawn count percentage of total count
 G = Total turns spent on level
                    A         B        C        D         E        F      G
               +---------+---------+-------+---------+---------+-------+---------
         Total |       0 |     551 |   0.0 |       0 |     104 |   0.0 |  4908
               +---------+---------+-------+---------+---------+-------+---------
           D:1 |       0 |      40 |   0.0 |       0 |      22 |   0.0 |   787
           D:2 |       0 |     173 |   0.0 |       0 |      32 |   0.0 |  1455
           D:3 |       0 |     294 |   0.0 |       0 |      48 |   0.0 |  2601
           D:4 |       0 |      44 |   0.0 |       0 |       2 |   0.0 |    65
               +---------+---------+-------+---------+---------+-------+---------
